 Dungeon Crawl Stone Soup version 0.26.0-10-g1f06aea511 (webtiles) character file.

Game seed: 4145500820690239133

8958 vatarom the Thaumaturge (level 11, -13/62 HPs)
             Began as a Deep Elf Fire Elementalist on Jan 21, 2021.
             Was a Priest of Vehumet.
             Mangled by a phantasmal warrior (22 damage)
             ... led by a death knight
             ... on level 10 of the Dungeon.
             The game lasted 00:31:33 (13513 turns).

vatarom the Thaumaturge (DEFE)                     Turns: 13513, Time: 00:31:33

Health: -13/62     AC:  8    Str:  5    XL:     11   Next: 16%
Magic:  2/28       EV: 17    Int: 24    God:    Vehumet [***...]
Gold:   734        SH:  0    Dex: 15    Spells: 3/32 levels left

rFire    . . .     SeeInvis .   E - +2 trident (venom)
rCold    . . .     Faith    .   (no shield)
rNeg     + . .     Spirit   .   x - +0 robe "Xofymmad" {rElec rN+}
rPois    .         Reflect  .   (no helmet)
rElec    +         Harm     .   k - +1 cloak
rCorr    .         Rampage  .   (no gloves)
Will     .....                  (no boots)
Stlth    ++........             m - amulet of regeneration
HPRegen  0.60/turn              (no ring)
MPRegen  0.21/turn              p - +4 ring of protection

@: about to teleport, weak-willed
A: no striking features
a: Renounce Religion


You were on level 10 of the Dungeon.
You worshipped Vehumet.
Vehumet was most pleased with you.
You visited 2 branches of the dungeon, and saw 11 of its levels.
You also visited: Ossuary.

You collected 734 gold pieces.

Inventory:

Hand Weapons
 E - a +2 trident of venom (weapon)
Missiles
 d - 315 stones
 q - 22 poisoned darts
 D - 7 javelins
 M - a throwing net {!f}
Armour
 a - a +0 robe
 k - a +1 cloak (worn)
 x - the +0 robe "Xofymmad" (worn) {rElec rN+}
   (You found it on level 6 of the Dungeon)

   It insulates you from electricity.
   It protects you from negative energy.
 I - the +3 leather armour of Demons {rC+ Regen+ Int+2}
   (You took it off an orc on level 8 of the Dungeon)

   It affects your intelligence (+2).
   It protects you from cold.
   It increases your rate of regeneration.
 J - a +0 pair of gloves
Jewellery
 c - an uncursed ring of ice
 m - an amulet of regeneration (around neck)
 o - an uncursed ring of stealth
 p - a +4 ring of protection (right hand)
 C - an uncursed ring of protection from cold {unknown}
 F - an uncursed ring of magical power {unknown}
 P - a cursed amulet of inaccuracy {unknown}
Wands
 f - a wand of iceblast (7) {@v4}
 y - a wand of flame (19)
 B - a wand of disintegration (11)
Scrolls
 b - 4 scrolls of amnesia
 e - 8 scrolls of teleportation {@r3}
 h - 7 scrolls of remove curse {@r2}
 r - a scroll of enchant armour
 v - a scroll of noise
 z - a scroll of magic mapping {unknown}
 A - a scroll of fear
 H - a scroll of fog {unknown}
 K - a scroll of holy word {unknown}
 N - a scroll of random uselessness {unknown}
Potions
 g - 4 potions of haste {unknown}
 i - 7 potions of curing {@q1}
 j - 2 potions of brilliance {@q6}
 l - 2 potions of lignification {unknown}
 n - a potion of heal wounds {unknown}
 s - a potion of flight {unknown}
 t - 2 potions of mutation {unknown}
 u - 6 potions of cancellation {unknown}
 w - a potion of invisibility {unknown}
 G - a potion of resistance {unknown}
 O - a potion of attraction {unknown}
Miscellaneous
 L - a condenser vane


   Skills:
 - Level 4.7 Fighting
 + Level 7.4 Dodging
 - Level 2.4 Stealth
 + Level 11.1 Spellcasting
 + Level 9.1 Conjurations
 + Level 10.8 Fire Magic
 * Level 3.3 Ice Magic


You had 3 spell levels left.
You knew the following spells:

 Your Spells              Type           Power        Failure   Level
a - Foxfire               Conj/Fire      100%         1%          1
b - Inner Flame           Hex/Fire       39%          1%          3
c - Conjure Flame         Conj/Fire      57%          1%          3
d - Sticky Flame          Conj/Fire      57%          1%          4
e - Fireball              Conj/Fire      28%          1%          5
f - Mephitic Cloud        Conj/Pois/Air  27%          1%          3
g - Hailstorm             Conj/Ice       43%          1%          4
v - Animate Skeleton      Necr           26%          4%          1
w - Bolt of Magma         Conj/Fire/Erth 22%          2%          5

Your spell library contained the following spells:

 Spells                   Type           Power        Failure   Level
 Stone Arrow              Conj/Erth      70%          1%          3
 Freeze                   Ice            100%         1%          1
 Frozen Ramparts          Ice            58%          1%          3
 Ozocubu's Armour         Ice            29%          3%          3
 Apportation              Tloc           26%          4%          1
 Corona                   Hex            14%          4%          1
 Pain                     Necr           52%          4%          1
 Summon Small Mammal      Summ           52%          4%          1
 Call Imp                 Summ           13%          7%          2
 Call Canine Familiar     Summ           13%          14%         3
 Summon Guardian Golem    Hex/Summ       13%          14%         3
 Vampiric Draining        Necr           6%           14%         3
 Iskenderun's Battlesphe  Conj           55%          1%          5
 Summon Ice Beast         Ice/Summ       21%          24%         4
 Orb of Destruction       Conj           27%          24%         7
 Iron Shot                Conj/Erth      17%          28%         6
 Animate Dead             Necr           6%           43%         4
 Summon Lightning Spire   Summ/Air       13%          43%         4
 Agony                    Necr           13%          78%         5
 Spellforged Servitor     Conj/Summ      17%          80%         7


Dungeon Overview and Level Annotations

Branches:
Dungeon (10/15)            Temple (1/1) D:6         Ossuary (visited)
   Lair: D:8-11         Orc: D:9-12

Altars:
Ashenzari
Cheibriados
Dithmenos
Elyvilon
Fedhas
Gozag
Hepliaklqana
Kikubaaqudgha
Makhleb
Nemelex Xobeh
Okawaru
Qazlal
Ru
Sif Muna
Trog
Uskayaw
Vehumet
Wu Jian
Xom
Yredelemnul
Zin
The Shining One

Shops:
D:5 [

Annotations:
D:4 1 runed translucent door, tsouns's ghost, novice TeIE
D:9 Harold


Message History

The sticky flame hits the phantasmal warrior.
The phantasmal warrior is lightly damaged.
The phantasmal warrior hits you!!
Your willpower is stripped away!
Casting: Sticky Flame (safe; 1% risk of failure)
Confirm with . or Enter, or press ? or * to list all spells.
Okay, then.
As you read the scroll of teleportation {@r3}, it crumbles to dust.
You feel strangely unstable.
The phantasmal warrior closely misses you.
A wraith opens the door.
You hit the phantasmal warrior.
The phantasmal warrior is moderately damaged.
The phantasmal warrior hits you! The death knight misses you.
You closely miss the phantasmal warrior.
The phantasmal warrior is moderately damaged.
The phantasmal warrior barely misses you.
The death knight hits you with a +0 battleaxe!
* * * LOW HITPOINT WARNING * * *
The phantasmal warrior hits you!!
You die...

..........########...###
#+#########.................
..#.........'.....###.......##
###..#.........#.....#.#########.
.....#.....)...'.....#...........
.....#.........#W....#...........
.....###.......#W....#...........
.......#.......#p.#'##...........
.......#.......#@.#.............#
.......#.).....#.W#.............#
.......#....(..#..#..##'##....###
.......#####(###..#..#...#....+..
..................#..+...#....##'
..................#..#...#.......
###...............#..#...#.......
..#......#####....#..#####....###
..#......#...#....#...........#..


You could see a death knight, a phantasmal warrior, a freezing wraith and a
wraith.

Vanquished Creatures
  A two-headed ogre (D:9)
  A skeletal warrior (D:10)
  A troll (D:8)
  3 yaks (D:10)
  2 wyverns
  A soldier ant (D:7)
  2 water moccasins
  Duvessa (D:5)
  5 ice beasts
  8 ogres
  7 orc warriors
  A black bear (D:8)
  5 sky beasts
  2 phantoms
  2 centaurs
  An elf zombie (Ossuary)
  3 big kobolds
  A wyvern zombie (D:10)
  4 bullfrogs
  A gnoll sergeant (D:5)
  Dowan (D:5)
  5 scorpions
  15 killer bees
  5 wights (D:8)
  A howler monkey (D:8)
  A bullfrog zombie (D:7)
  A quasit (D:9)
  3 centaur zombies
  3 hounds
  2 jellies
  A bullfrog skeleton (D:8)
  3 human zombies (Ossuary)
  5 orc priests
  A centaur skeleton (D:6)
  8 iguanas
  6 worker ants
  15 orc wizards
  2 hound skeletons
  A hound zombie (D:6)
  2 mummies (Ossuary)
  11 gnolls
  15 adders
  A shadow imp (D:7)
  A white imp (D:9)
  3 ufetubi
  3 oozes (D:4)
  A worm zombie (D:4)
  2 adder skeletons
  2 adder zombies
  3 worms
  4 leopard geckos
  49 orcs
  A ball python (D:4)
  5 giant cockroaches
  3 goblins (D:2)
  6 hobgoblins
  9 jackals
  28 kobolds
  3 quokkas
  7 bats
  2 frilled lizards (D:4)
  7 hobgoblin zombies (Ossuary)
  2 jackal zombies
  13 kobold zombies (Ossuary)
  9 orc zombies (Ossuary)
  6 rats
329 creatures vanquished.

Vanquished Creatures (others)
  747 foxfires
  4 plants (D:3)
751 creatures vanquished.

Grand Total: 1080 creatures vanquished

Notes
Turn   | Place    | Note
-------+----------+-------------------------------------------
     0 | D:1      | vatarom the Deep Elf Fire Elementalist began the quest for
                  | the Orb.
     0 | D:1      | Reached XP level 1. HP: 10/10 MP: 6/6
   427 | D:1      | You fall into a shaft and drop 1 floor!
   574 | D:1      | Reached XP level 2. HP: 13/16 MP: 8/8
  1250 | D:2      | Reached XP level 3. HP: 16/20 MP: 5/9
  1515 | D:2      | Learned a level 3 spell: Conjure Flame
  1752 | D:2      | Reached skill level 1 in Fighting
  1959 | D:2      | Learned a level 3 spell: Inner Flame
  2208 | D:3      | Reached XP level 4. HP: 25/25 MP: 8/11
  2462 | D:3      | Found an ornate altar of the Wu Jian Council.
  2977 | D:4      | Reached skill level 4 in Spellcasting
  3026 | D:4      | Learned a level 4 spell: Sticky Flame
  3061 | D:4      | Reached XP level 5. HP: 29/29 MP: 9/13
  3178 | D:4      | Noticed tsouns's ghost (novice TeIE)
  3179 | D:4      | Found a runed translucent door.
  3210 | D:4      | Reached skill level 5 in Fire Magic
  3251 | D:4      | Noticed an ogre
  3359 | D:4      | Killed an ogre
  3360 | D:4      | Reached XP level 6. HP: 23/35 MP: 3/15
  3513 | D:4      | Reached skill level 5 in Spellcasting
  3699 | D:4      | Found a sand-covered staircase.
  3713 | Ossuary  | Entered an ossuary
  4023 | Ossuary  | Reached XP level 7. HP: 40/40 MP: 7/16
  4974 | D:4      | Reached skill level 6 in Spellcasting
  5523 | D:5      | Entered Level 5 of the Dungeon
  5609 | D:5      | Reached XP level 8. HP: 7/46 MP: 10/19
  5814 | D:5      | Noticed Duvessa
  5822 | D:5      | Learned a level 5 spell: Fireball
  5823 | D:5      | Noticed Dowan
  5877 | D:5      | Killed Duvessa
  5956 | D:5      | Killed Dowan
  6018 | D:5      | You fall into a shaft and drop 2 floors!
  6207 | D:7      | Reached skill level 5 in Conjurations
  6268 | D:5      | Found a broken altar of Ashenzari.
  6268 | D:5      | Found an ancient bone altar of Kikubaaqudgha.
  6268 | D:5      | Found a bloodstained altar of Trog.
  6268 | D:5      | Found a sparkling altar of Nemelex Xobeh.
  6271 | D:5      | Found a shadowy altar of Dithmenos.
  6569 | D:5      | Reached skill level 7 in Spellcasting
  6633 | D:5      | Found Keitejus's Armour Emporium.
  7061 | D:5      | Found a sacrificial altar of Ru.
  7278 | D:6      | Got a colourful robe
  7289 | D:6      | Identified the +0 robe "Xofymmad" {rElec rN+} (You found it
                  | on level 6 of the Dungeon)
  7292 | D:6      | Found a radiant altar of Vehumet.
  7458 | D:6      | Became a worshipper of Vehumet
  7493 | D:6      | Found a staircase to the Ecumenical Temple.
  7532 | D:6      | Reached XP level 9. HP: 42/52 MP: 16/22
  7539 | Temple   | Entered the Ecumenical Temple
  8146 | D:6      | Reached skill level 8 in Spellcasting
  9106 | D:7      | Reached * piety under Vehumet
  9106 | D:7      | Offered knowledge of Shock by Vehumet.
  9247 | D:7      | Reached skill level 9 in Spellcasting
  9964 | D:7      | Reached XP level 10. HP: 54/58 MP: 15/25
 10298 | D:8      | Offered knowledge of Sandblast by Vehumet.
 10311 | D:8      | Reached ** piety under Vehumet
 10312 | D:8      | Reached skill level 5 in Dodging
 10457 | D:8      | Reached skill level 10 in Fire Magic
 10669 | D:8      | Reached skill level 10 in Spellcasting
 10922 | D:8      | Offered knowledge of Mephitic Cloud by Vehumet.
 10929 | D:8      | Learned a level 3 spell: Mephitic Cloud
 11246 | D:9      | Noticed a two-headed ogre
 11709 | D:9      | Identified the +3 leather armour of Demons {rC+ Regen+
                  | Int+2}
 11891 | D:9      | Killed a two-headed ogre
 11900 | D:9      | Noticed Harold
 12039 | D:9      | Learned a level 4 spell: Hailstorm
 12041 | D:9      | Learned a level 1 spell: Animate Skeleton
 12056 | D:9      | Reached *** piety under Vehumet
 12212 | D:9      | Reached skill level 1 in Ice Magic
 12525 | D:10     | Entered Level 10 of the Dungeon
 12776 | D:10     | Learned a level 5 spell: Bolt of Magma
 12778 | D:10     | Offered knowledge of Stone Arrow by Vehumet.
 12837 | D:10     | Reached XP level 11. HP: 59/62 MP: 6/27
 12838 | D:10     | Reached skill level 11 in Spellcasting
 13306 | D:10     | Noticed a skeletal warrior
 13498 | D:10     | Noticed a death knight
 13498 | D:10     | Noticed a phantasmal warrior
 13502 | D:10     | Killed a skeletal warrior
 13513 | D:10     | Mangled by a phantasmal warrior

Illustrated notes

Levels and vault maps discovered:
D:1:      zelgadis_glass_arrival_small, layout_loops_cross
D:2:      layout_basic
D:3:      layout_basic, nzn_wu_jian_council_hall, lexackson_kobold_supper
D:4:      layout_basic, hellmonk_ghost_happy_afterlife, enter_ossuary_3,
          minmay_quadrilaterals
D:5:      layout_basic, nicolae_overflow_hidden_temple, serial_shops, shop,
          minmay_crystal_water, nicolae_ru_path_of_blood, uniq_duvessa
D:6:      layout_basic, vehumet_altar_wand_db, temple_statues, serial_glass,
          glass_columns_b, glass_columns_c, glass_columns_c, glass_columns_c,
          glass_columns_b, glass_columns_a, glass_columns_a, glass_columns_c,
          glass_columns_a, glass_columns_a, glass_columns_b, glass_columns_a,
          glass_columns_b, glass_columns_b, item_on_display_a
D:7:      layout_basic
D:8:      minmay_s_stair_smasher, layout_cave_pools
D:9:      layout_cross, uniq_harold
D:10:     layout_irregular_city
Temple:   regret_index_temple_generic_petals

Skill      XL: |  1  2  3  4  5  6  7  8  9 10 11 |
---------------+----------------------------------+-----
Fire Magic     | 4 5 6 7 8 9 10 | 10.8
Conjurations   | 2 3 4 5 7 8 9 |  9.1
Fighting       | 1 2 3 4 |  4.7
Spellcasting   | 4 5 6 7 9 10 11 | 11.1
Dodging        | 4 7 |  7.4
Ice Magic      | 2 3 |  3.3
Stealth        | |  2.4

Action                   |  1- 3 |  4- 6 |  7- 9 | 10-12 || total
-------------------------+-------+-------+-------+-------++-------
Melee: Short sword       |    33 |    10 |    74 |       ||   117
       Trident           |       |       |       |   172 ||   172
 Cast: Foxfire           |    52 |   107 |   200 |    94 ||   453
       Conjure Flame     |     1 |     1 |     5 |     1 ||     8
       Sticky Flame      |       |     2 |    41 |    37 ||    80
       Inner Flame       |       |     3 |     4 |       ||     7
       Fireball          |       |       |     4 |    10 ||    14
       Bolt of Magma     |       |       |       |    10 ||    10
       Mephitic Cloud    |       |       |       |     2 ||     2
  Use: Scroll            |     3 |     4 |     6 |     2 ||    15
       Potion            |       |     2 |     1 |       ||     3
 Stab: Sleeping          |     8 |       |     3 |     3 ||    14
       Distracted        |       |       |       |     1 ||     1
Armor: Robe              |     9 |     6 |    76 |    60 ||   151
Dodge: Dodged            |    36 |    26 |   196 |   226 ||   484
